AoeStats
← 皮革城走位

Pilgrims

509888985Analyzed
2v2 RM · 4d ago on Sep 28, 2026· 41m 56s· 4 players
Game mode
Random Map
Map size
Medium (4 player)
Population
200
Speed
Normal
Resources
Standard
Victory
Conquest
Starting age
Dark Age
Ending age
Imperial Age
RankedLock teamsTeams togetherTeam positionsShared explorationLock speedFull tech treeHidden civsTurbo modeCheats
Victory
Defeat
🇦🇷 Persians · Argentina
734
+14
🇨🇦 Franks · Canada
563
+22
🇨🇭 Varangians · Switzerland
689
-18
🇨🇳 Persians · China
683
-18
皮革城走位
11:04 Feudal Age
11:26 Double-Bit Axe
18:04 Fishing Lines
19:12 Horse Collar
19:38 Town Watch
22:35 Castle Age
23:04 Heavy Plow
24:15 Stone Mining
24:22 Gillnets
26:20 Gold Mining
27:08 Stone Shaft Mining
26:57 Pikeman
29:24 Town Patrol
31:42 Demolition Ship
32:42 Medium Warships
33:52 Murder Holes
40:06 Imperial Age
40:53 Wheelbarrow
40:55 Ballistics
41:36 Chemistry
42:06 Fletching
42:39 Bow Saw
ivanjoke
FortifiedChicken
IndianSoul
3:54 Loom
9:18 Feudal Age
12:36 Wheelbarrow
11:52 Double-Bit Axe
12:25 Fishing Lines
15:42 Town Watch
17:47 Horse Collar
18:24 Gold Mining
20:58 Castle Age
21:12 Bloodlines
20:51 Light Cavalry
21:41 Gillnets
22:30 Husbandry
23:46 Elite Skirmisher
25:03 Forging
26:00 Medium Warships
26:51 Gold Shaft Mining
26:07 Stone Mining
27:53 Bow Saw
28:44 Hand Cart
30:34 Stone Shaft Mining
30:13 Town Patrol
31:10 Parthian Tactics
34:56 Murder Holes
35:10 Siphons
36:09 Kamandaran
39:16 Imperial Age
36:51 Demolition Ship
39:57 Citadels
39:51 Horse Collar
42:27 Chemistry
41:48 Ballistics
41:25 Fletching
41:42 Scale Barding Armor
41:49 Heavy Demolition Ship
42:57 Heavy Warships
Connection lost

Rejoining the realm…

Still unreachable

The connection could not be restored.

Session expired

The server has moved on; the page needs a fresh start.